 Dungeon Crawl Stone Soup version 0.20-a0-1089-g3fde505 (webtiles) character file.

27 Kidiri the Magician (level 2, -3/15 HPs)
             Began as a Deep Elf Fire Elementalist on May 2, 2017.
             Slain by a gnoll
             ... wielding a +0 spear
              (7 damage)
             ... on level 2 of the Dungeon.
             The game lasted 00:03:41 (1172 turns).

Kidiri the Magician (Deep Elf Fire Elementalist)    Turns: 1172, Time: 00:03:42

Health: -3/15      AC:  2    Str:  5    XL:     2   Next: 93%
Magic:  6/8        EV: 13    Int: 19    God:
Gold:   54         SH:  0    Dex: 15    Spells: 5/8 levels left

rFire    . . .     SeeInvis .   g - +0 dagger
rCold    . . .     Gourm    .   (no shield)
rNeg     . . .     Faith    .   a - +0 robe
rPois    .         Spirit   .   (no helmet)
rElec    .         Reflect  .   (no cloak)
rCorr    .         Harm     .   (no gloves)
MR       .....                  (no boots)
Stlth    ++........             (no amulet)
Regen    0.1/turn               (no ring)
MPRegen  0.2/turn               (no ring)

@: no status effects
A: no striking features
a: no special abilities


You were on level 2 of the Dungeon.
You were hungry.

You visited 1 branch of the dungeon, and saw 2 of its levels.

You collected 54 gold pieces.

Inventory:

Hand Weapons
 g - a +0 dagger (weapon)
Armour
 a - a +0 robe (worn)
Scrolls
 e - a scroll of remove curse {unknown}
 f - 3 scrolls of identify
 i - 2 scrolls of teleportation {unknown}
Potions
 h - a potion of heal wounds
 j - a potion of haste {unknown}
 k - a potion of curing {unknown}
Books
 b - a book of Flames

   Spells                             Type                      Level
   a - Flame Tongue                   Conjuration/Fire             1
   b - Throw Flame                    Conjuration/Fire             2
   c - Conjure Flame                  Conjuration/Fire             3
   d - Inner Flame                    Hexes/Fire                   3
   e - Sticky Flame                   Conjuration/Fire             4
   f - Fireball                       Conjuration/Fire             5
Comestibles
 c - a bread ration


   Skills:
 - Level 2.4 Dodging
 - Level 2.4 Stealth
 * Level 3.8 Spellcasting
 + Level 1.9 Conjurations
 + Level 3.7 Fire Magic


You had 5 spell levels left.
You knew the following spells:

 Your Spells              Type           Power        Failure   Level  Hunger
a - Flame Tongue          Conj/Fire      ##...        4%          1    None
b - Throw Flame           Conj/Fire      ##....       7%          2    ##.....


Dungeon Overview and Level Annotations

Branches:
Dungeon (2/15)

Altars:


Message History

Confirm with . or Enter, or press ? or * to list all spells.
Aiming: Flame Tongue
Press: ? - help, Shift-Dir - straight line, f/p - adder skeleton
Aim: an adder skeleton (moderately damaged)
The flame tongue hits the adder skeleton.
The adder skeleton is heavily damaged.
The adder skeleton barely misses you. The gnoll hits you but does no damage.
Casting: Flame Tongue
Confirm with . or Enter, or press ? or * to list all spells.
Aiming: Flame Tongue
Press: ? - help, Shift-Dir - straight line, f/p - adder skeleton
Aim: an adder skeleton (heavily damaged)
The flame tongue hits the adder skeleton.
The adder skeleton is severely damaged.
The adder skeleton closely misses you. The gnoll barely misses you.
The adder skeleton bites you.
* * * LOW HITPOINT WARNING * * *
The gnoll barely misses you. The adder skeleton barely misses you.
The gnoll hits you from afar with a spear!
You die...

#.................#
#.................#
####.................#
#......$?.[.P........#
####.g.......≈≈≈.....#
#g#..##...≈≈≈....##
####.#gg###.≈≈≈≈.....#
#...gZ......≈≈≈≈.....#
#......@.....≈.?.....#
#......$...#..<......#
#..........#.........#
#..>.......##.......##
#..[.......###.....##
#..........# #######
#..........#
#####.......


You could see 3 gnolls, a goblin and an adder skeleton.

Vanquished Creatures
  A worm (D:1)
  A leopard gecko (D:1)
  5 giant cockroaches
  A hobgoblin (D:1)
  2 jackals (D:1)
  5 bats
  2 frilled lizards (D:1)
  3 goblins (D:1)
  A kobold (D:1)
  2 rats (D:1)
23 creatures vanquished.

Notes
Turn   | Place    | Note
-------+----------+-------------------------------------------
     0 | D:1      | Kidiri the Deep Elf Fire Elementalist began the quest for the Orb.
     0 | D:1      | Reached XP level 1. HP: 10/10 MP: 6/6
   322 | D:1      | Reached XP level 2. HP: 15/15 MP: 6/8
   340 | D:1      | Learned a level 2 spell: Throw Flame
  1172 | D:2      | Slain by a gnoll

Vault maps used:
D:1:      lemuel_arrival_room, minmay_tetromino_i2
D:2:      minitemple, serial_undead, serial_undead_f, serial_undead_c,
          serial_undead_c, serial_undead_f, serial_undead_d, serial_undead_f,
          serial_undead_e, first_bread, uniq_crazy_yiuf_cottage

Action                   || total
-------------------------++-------
Melee: Unarmed           ||     1
       Dagger            ||     4
 Cast: Flame Tongue      ||    42
  Use: Scroll            ||     1
Armor: Robe              ||     7
Dodge: Dodged            ||    51
